NCAA
STANFORD CARDINAL @ GEORGETOWN HOYAS
05/19/2025
 
TOP OF THE 1ST
Stanford Cardinal batting - Pitching for Georgetown Hoyas : LHP Josh Chamberlain
Pitching: LHP Josh Chamberlain
Batting: RHB Scott McGuire 0-0: Foul Ball, location: 2F
0-1: Ball
1-1: SINGLE (Flyball, 89S)
Batting: RHB Foster Robinson 0-0: Ball
1-0: Grounds into double play, U4-3 (Groundball, 4)
Batting: RHB Fernando Vargas 0-0: Ball
1-0: Ball
2-0: Ball
3-0: Base on Balls
Batting: RHB Denver Gallegos 0-0: Called Strike
0-1: Swinging Strike
0-2: Ball
1-2: Foul Ball, location: 2F
1-2: Foul Ball, location: 2F
1-2: Strikes out looking
Top of the 1st over - 0 run(s), 1 hit(s), 0 error(s), 1 left on base; Stanford 0 - Georgetown 0
BOTTOM OF THE 1ST
Georgetown Hoyas batting - Pitching for Stanford Cardinal : RHP Daniel Carter
Pitching: RHP Daniel Carter
Batting: RHB Bob Lee 0-0: Ball
1-0: Foul Ball, location: 2F
1-1: Ball
2-1: Bunt missed!
2-2: Foul Ball, location: 2F
2-2: Fly out, F9 (Flyball, 89M)
Batting: LHB José De La Cruz 0-0: Ball
1-0: DOUBLE (Groundball, 5L)
Batting: LHB Ken Bullard 0-0: Called Strike
0-1: SINGLE (Line Drive, 9S)
José De La Cruz to third
Runner from 3rd tries for Home, SAFE, throw made home
Ken Bullard to second
Batting: LHB Chris Smith 0-0: Called Strike
0-1: SINGLE (Line Drive, 9LS)
Ken Bullard to third
Batting: SHB Jeffrey MacNeill 0-0: Called Strike
Chris Smith steals 2nd base
0-1: Ball
1-1: Foul Ball, location: 2F
1-2: Foul Ball, location: 2F
1-2: Ball
2-2: Foul Ball, location: 2F
2-2: Strikes out swinging
Batting: RHB Brian Harvey 0-0: Ball
1-0: Ball
2-0: Fly out, F6 (Popup, 6D)
Bottom of the 1st over - 1 run(s), 3 hit(s), 0 error(s), 2 left on base; Stanford 0 - Georgetown 1
TOP OF THE 2ND
Stanford Cardinal batting - Pitching for Georgetown Hoyas : LHP Josh Chamberlain
Batting: RHB Albert Abbott 0-0: Ground out 5-3 (Groundball, 5)
Batting: LHB Roderick Delgado 0-0: Swinging Strike
0-1: Ball
1-1: Ball
2-1: Ball
3-1: Called Strike
3-2: Strikes out swinging
Batting: RHB Wayne Williams 0-0: Ball
1-0: Called Strike
1-1: Ball
2-1: Swinging Strike
2-2: Foul Ball, location: 2F
2-2: Strikes out swinging
Top of the 2nd over - 0 run(s), 0 hit(s), 0 error(s), 0 left on base; Stanford 0 - Georgetown 1
BOTTOM OF THE 2ND
Georgetown Hoyas batting - Pitching for Stanford Cardinal : RHP Daniel Carter
Batting: RHB Luis Flores 0-0: Swinging Strike
0-1: Ball
1-1: Ball
2-1: SINGLE (Groundball, 13) (infield hit)
Batting: LHB Robinson Ordóñez 0-0: Ball
1-0: Called Strike
1-1: Ball
2-1: Foul Ball, location: 2F
2-2: Ground out 5-3 (Groundball, 5S)
Luis Flores to second
Batting: RHB Glenn Rojas 0-0: Ground out 5-3 (Groundball, 5)
Batting: RHB Bob Lee 0-0: Ball
1-0: Swinging Strike
1-1: Ball
2-1: Ball
3-1: Foul Ball, location: 2F
3-2: SINGLE (Line Drive, 4M)
Luis Flores to third
Luis Flores scores
Batting: LHB José De La Cruz 0-0: Called Strike
0-1: Swinging Strike
0-2: Ball
1-2: Strikes out swinging
Bottom of the 2nd over - 1 run(s), 2 hit(s), 0 error(s), 1 left on base; Stanford 0 - Georgetown 2
TOP OF THE 3RD
Stanford Cardinal batting - Pitching for Georgetown Hoyas : LHP Josh Chamberlain
Batting: RHB Daniel Carter 0-0: Called Strike
0-1: Called Strike
0-2: Strikes out swinging
Batting: RHB Chad Battle 0-0: Fly out, F9 (Line Drive, 9LM)
Batting: RHB Scott McGuire 0-0: SINGLE (Groundball, 34D)
Batting: RHB Foster Robinson 0-0: Ball
1-0: Ball
2-0: Ball
3-0: Called Strike
3-1: Base on Balls
Scott McGuire to second
Batting: RHB Fernando Vargas 0-0: Ball
1-0: Foul Ball, location: 2F
1-1: Fly out, F9 (Flyball, 89D)
Top of the 3rd over - 0 run(s), 1 hit(s), 0 error(s), 2 left on base; Stanford 0 - Georgetown 2
BOTTOM OF THE 3RD
Georgetown Hoyas batting - Pitching for Stanford Cardinal : RHP Daniel Carter
Batting: LHB Ken Bullard 0-0: Ball
1-0: Reached on error, E4 (Groundball, 4)
Batting: LHB Chris Smith 0-0: SINGLE (Flyball, 7S)
Ken Bullard to third
Runner from 3rd tries for Home, SAFE, no throw or cutoff
Batting: SHB Jeffrey MacNeill 0-0: Swinging Strike
0-1: Ball
1-1: Ball
2-1: Fielders Choice at 2nd, 1-4 (Groundball, 15)
Batting: RHB Brian Harvey 0-0: Ball
1-0: Called Strike
1-1: Ball
2-1: Fielders Choice at 2nd, 5-4 (Groundball, 56)
Batting: RHB Luis Flores 0-0: Ball
1-0: Foul Ball, location: 2F
1-1: Ball
2-1: Foul Ball, location: 2F
2-2: Fly out, F2 (Popup, 2RF)
Bottom of the 3rd over - 1 run(s), 1 hit(s), 1 error(s), 1 left on base; Stanford 0 - Georgetown 3
TOP OF THE 4TH
Stanford Cardinal batting - Pitching for Georgetown Hoyas : LHP Josh Chamberlain
Batting: RHB Denver Gallegos 0-0: Ball
1-0: Swinging Strike
1-1: Called Strike
1-2: Strikes out looking
Batting: RHB Albert Abbott 0-0: Called Strike
0-1: Foul Ball, location: 2F
0-2: Foul Ball, location: 2F
0-2: Ball
1-2: Ball
2-2: Ball
3-2: SINGLE (Groundball, 5D)
Batting: LHB Roderick Delgado 0-0: Foul Ball, location: 2F
0-1: Fielders Choice at 2nd, 3-6 (Groundball, 3)
Batting: RHB Wayne Williams 0-0: Called Strike
0-1: Ball
1-1: Foul Ball, location: 2F
1-2: Strikes out swinging
Top of the 4th over - 0 run(s), 1 hit(s), 0 error(s), 1 left on base; Stanford 0 - Georgetown 3
BOTTOM OF THE 4TH
Georgetown Hoyas batting - Pitching for Stanford Cardinal : RHP Daniel Carter
Batting: LHB Robinson Ordóñez 0-0: Ball
1-0: Swinging Strike
1-1: Foul Ball, location: 2F
1-2: Reached on error, E4 (Groundball, 4)
Batting: RHB Glenn Rojas 0-0: Ball
1-0: Swinging Strike
1-1: Called Strike
1-2: Strikes out swinging
Batting: RHB Bob Lee 0-0: Called Strike
0-1: Ball
1-1: Ball
2-1: Ball
3-1: Base on Balls
Robinson Ordóñez to second
Batting: LHB José De La Cruz 0-0: Ball
1-0: Ball
2-0: Ball
3-0: Called Strike
3-1: Called Strike
3-2: Strikes out swinging
Batting: LHB Ken Bullard 0-0: Swinging Strike
0-1: Fly out, F4 (Popup, 34)
Bottom of the 4th over - 0 run(s), 0 hit(s), 1 error(s), 2 left on base; Stanford 0 - Georgetown 3
TOP OF THE 5TH
Stanford Cardinal batting - Pitching for Georgetown Hoyas : LHP Josh Chamberlain
Batting: RHB Daniel Carter 0-0: Swinging Strike
0-1: Swinging Strike
0-2: Ball
1-2: Ball
2-2: Strikes out swinging
Batting: RHB Chad Battle 0-0: Ground out 2-3 (Groundball, 2R)
Batting: RHB Scott McGuire 0-0: Ground out 3-1 (Groundball, 3)
Top of the 5th over - 0 run(s), 0 hit(s), 0 error(s), 0 left on base; Stanford 0 - Georgetown 3
BOTTOM OF THE 5TH
Georgetown Hoyas batting - Pitching for Stanford Cardinal : RHP Daniel Carter
Batting: LHB Chris Smith 0-0: Called Strike
0-1: Ball
1-1: Ball
2-1: Ball
3-1: Reached on error, E6 (Groundball, 6)
Pitching: RHP Ricardo Gutiérrez
Batting: SHB Jeffrey MacNeill 0-0: Ball
1-0: Swinging Strike
1-1: Grounds into double play, 6-4-3 (Groundball, 6)
Batting: RHB Brian Harvey 0-0: Called Strike
0-1: Called Strike
0-2: Ball
1-2: Ball
2-2: Strikes out looking
Bottom of the 5th over - 0 run(s), 0 hit(s), 1 error(s), 0 left on base; Stanford 0 - Georgetown 3
TOP OF THE 6TH
Stanford Cardinal batting - Pitching for Georgetown Hoyas : LHP Josh Chamberlain
Batting: RHB Foster Robinson 0-0: Ball
1-0: Called Strike
1-1: Foul Ball, location: 2F
1-2: Ball
2-2: Foul Ball, location: 2F
2-2: Strikes out looking
Batting: RHB Fernando Vargas 0-0: Ball
1-0: Called Strike
1-1: Swinging Strike
1-2: Foul Ball, location: 2F
1-2: Fly out, F8 (Flyball, 8RM)
Batting: RHB Denver Gallegos 0-0: Called Strike
0-1: Ball
1-1: Foul Ball, location: 2F
1-2: Foul Ball, location: 2F
1-2: Foul Ball, location: 2F
1-2: Ball
2-2: Strikes out swinging
Top of the 6th over - 0 run(s), 0 hit(s), 0 error(s), 0 left on base; Stanford 0 - Georgetown 3
BOTTOM OF THE 6TH
Georgetown Hoyas batting - Pitching for Stanford Cardinal : RHP Ricardo Gutiérrez
Batting: RHB Luis Flores 0-0: Fly out, F6 (Line Drive, 6)
Batting: LHB Robinson Ordóñez 0-0: Ball
1-0: Swinging Strike
1-1: Ball
2-1: Fly out, F7 (Flyball, 7M)
Batting: RHB Glenn Rojas 0-0: Called Strike
0-1: Swinging Strike
0-2: Ball
1-2: Strikes out swinging
Bottom of the 6th over - 0 run(s), 0 hit(s), 0 error(s), 0 left on base; Stanford 0 - Georgetown 3
TOP OF THE 7TH
Stanford Cardinal batting - Pitching for Georgetown Hoyas : LHP Josh Chamberlain
Batting: RHB Albert Abbott 0-0: Swinging Strike
0-1: Called Strike
0-2: Foul Ball, location: 2F
0-2: SOLO HOME RUN (Flyball, 78XD), Distance : 364 ft
Batting: LHB Roderick Delgado 0-0: Swinging Strike
0-1: Fly out, F8 (Flyball, 8RS)
Batting: RHB Wayne Williams 0-0: Ball
1-0: Ball
2-0: Called Strike
2-1: Swinging Strike
2-2: Strikes out looking
Batting: RHB Daniel Carter 0-0: Ball
1-0: Called Strike
1-1: Ball
2-1: Foul Ball, location: 2F
2-2: Strikes out looking
Top of the 7th over - 1 run(s), 1 hit(s), 0 error(s), 0 left on base; Stanford 1 - Georgetown 3
BOTTOM OF THE 7TH
Georgetown Hoyas batting - Pitching for Stanford Cardinal : RHP Ricardo Gutiérrez
Pitching: RHP Devin Brown
Batting: RHB Bob Lee 0-0: Foul Ball, location: 2F
0-1: Called Strike
0-2: Ball
1-2: SINGLE (Line Drive, 89S)
Batting: LHB José De La Cruz 0-0: Called Strike
0-1: Ball
1-1: Ball
2-1: Called Strike
2-2: Foul Ball, location: 2F
2-2: Ball
3-2: Base on Balls
Bob Lee to second
Batting: LHB Ken Bullard 0-0: Called Strike
0-1: Foul Ball, location: 2F
0-2: Foul Ball, location: 2F
0-2: Ball
1-2: Foul Ball, location: 2F
1-2: Foul Ball, location: 2F
1-2: Ball
2-2: Ball
3-2: Base on Balls
Bob Lee to third
José De La Cruz to second
Batting: LHB Chris Smith 0-0: Ball
1-0: Ball
2-0: Foul Ball, location: 2F
2-1: SINGLE (Groundball, 56)
Bob Lee scores
José De La Cruz to third
Ken Bullard to second
Runner from 3rd tries for Home, SAFE, throw made home
Batting: SHB Jeffrey MacNeill 0-0: Ball
1-0: Ball
2-0: Ball
3-0: Called Strike
3-1: Base on Balls
Ken Bullard to third
Chris Smith to second
Batting: RHB Brian Harvey 0-0: Called Strike
0-1: SINGLE (Line Drive, 8LS)
Ken Bullard scores
Chris Smith to third
Jeffrey MacNeill to second
Pitching: RHP Ramón Rivera
Batting: RHB Luis Flores 0-0: Ball
1-0: SINGLE (Flyball, 89S)
Chris Smith scores
Jeffrey MacNeill to third
Brian Harvey to second
Runner from 3rd tries for Home, SAFE, no throw or cutoff
Batting: LHB Robinson Ordóñez 0-0: Called Strike
0-1: Called Strike
0-2: SINGLE (Groundball, 34D)
Brian Harvey to third
Luis Flores to second
Batting: RHB Glenn Rojas 0-0: Called Strike
0-1: Ball
1-1: Grounds into double play, 6-4-3 (Groundball, 6)
Brian Harvey scores
Luis Flores to third
Batting: RHB Bob Lee 0-0: Called Strike
0-1: Called Strike
0-2: Ball
1-2: Ball
2-2: Foul Ball, location: 2F
2-2: Ball
3-2: Strikes out swinging
Bottom of the 7th over - 6 run(s), 5 hit(s), 0 error(s), 1 left on base; Stanford 1 - Georgetown 9
TOP OF THE 8TH
Stanford Cardinal batting - Pitching for Georgetown Hoyas : LHP Josh Chamberlain
Batting: RHB Chad Battle 0-0: Ball
1-0: Called Strike
1-1: Foul Ball, location: 2F
1-2: Fly out, F7 (Flyball, 78S)
Batting: RHB Scott McGuire 0-0: Foul Ball, location: 2F
0-1: Called Strike
0-2: Foul Ball, location: 2F
0-2: Foul Ball, location: 2F
0-2: Strikes out swinging wild pitch, reaches first!
Batting: RHB Foster Robinson 0-0: Called Strike
0-1: Fly out, F6 (Line Drive, 6)
Batting: RHB Fernando Vargas 0-0: Ball
1-0: Ball
2-0: Swinging Strike
2-1: Ball
3-1: Swinging Strike
3-2: Foul Ball, location: 2F
3-2: Foul Ball, location: 2F
3-2: Base on Balls
Scott McGuire to second
Pitching: RHP Jon Jenkins
Batting: RHB Denver Gallegos 0-0: Ball
1-0: Foul Ball, location: 2F
1-1: Swinging Strike
1-2: Strikes out swinging
Top of the 8th over - 0 run(s), 0 hit(s), 0 error(s), 2 left on base; Stanford 1 - Georgetown 9
BOTTOM OF THE 8TH
Georgetown Hoyas batting - Pitching for Stanford Cardinal : RHP Ramón Rivera
Batting: LHB José De La Cruz 0-0: Ball
1-0: Fly out, F6 (Line Drive, 6M)
Batting: LHB Ken Bullard 0-0: Ball
1-0: Fly out, F8 (Flyball, 8LXD)
Batting: LHB Chris Smith 0-0: Ball
1-0: Called Strike
1-1: Foul Ball, location: 2F
1-2: Foul Ball, location: 2F
1-2: Ball
2-2: Ball
3-2: SINGLE (Groundball, 56)
Batting: SHB Jeffrey MacNeill 0-0: Called Strike
0-1: Foul Ball, location: 2F
0-2: Strikes out swinging
Bottom of the 8th over - 0 run(s), 1 hit(s), 0 error(s), 1 left on base; Stanford 1 - Georgetown 9
TOP OF THE 9TH
Stanford Cardinal batting - Pitching for Georgetown Hoyas : RHP Jon Jenkins
Batting: RHB Albert Abbott 0-0: Foul Ball, location: 2F
0-1: Ball
1-1: Ball
2-1: Ball
3-1: Foul Ball, location: 2F
3-2: Foul Ball, location: 2F
3-2: Strikes out swinging
Batting: LHB Roderick Delgado 0-0: Called Strike
0-1: Foul Ball, location: 2F
0-2: Ball
1-2: Ball
2-2: Strikes out looking
Batting: RHB Wayne Williams 0-0: Ball
1-0: Ball
2-0: Ball
3-0: Called Strike
3-1: Called Strike
3-2: Foul Ball, location: 2F
3-2: Strikes out looking
Top of the 9th over - 0 run(s), 0 hit(s), 0 error(s), 0 left on base; Stanford 1 - Georgetown 9
This league is powered by Out of the Park Baseball, the baseball management simulation game for PC, Mac and Linux
Tuesday, August 2nd, 2016 - OOTP Baseball 16.8 Build 38